 Dungeon Crawl Stone Soup version 0.23.0-28-g6fe0f4d (webtiles) character file.

Game seed: 14441970703017008289

198 sking99 the Poker (level 5, -7/36 HPs)
             Began as an Octopode Warper on Feb 25, 2019.
             Mangled by an ice beast (10 damage)
             ... on level 5 of the Dungeon.
             The game lasted 00:05:48 (3295 turns).

sking99 the Poker (Octopode Warper)                 Turns: 3295, Time: 00:05:49

Health: -7/36      AC:  1    Str: 10    XL:     5   Next: 76%
Magic:  7/8        EV: 15    Int: 17    God:
Gold:   126        SH:  0    Dex: 16    Spells: 4/8 levels left

rFire    . . .     SeeInvis .   a - +1 spear
rCold    . . .     Gourm    .   (no shield)
rNeg     . . .     Faith    .   (helmet restricted)
rPois    .         Spirit   .   (no amulet)
rElec    .         Reflect  .   q - +5 ring of dexterity
rCorr    .         Harm     .   (no ring)
MR       .....                  (no ring)
Stlth    ++........             (no ring)
HPRegen  0.12/turn              (no ring)
MPRegen  0.11/turn              (no ring)
                                (no ring)
                                (no ring)

@: no status effects
A: almost no armour, stealthy swim, amphibious, 8 rings, constrict 8, camouflage
1, gelatinous body 1
a: no special abilities


You were on level 5 of the Dungeon.
You were not hungry.

You visited 1 branch of the dungeon, and saw 5 of its levels.

You collected 126 gold pieces.

Inventory:

Hand Weapons
 a - a +1 spear (weapon)
Missiles
 d - 5 tomahawks of dispersal (quivered)
Jewellery
 q - a +5 ring of dexterity (left tentacle)
Wands
 e - a wand of iceblast (9)
Scrolls
 c - 2 scrolls of blinking
 m - a scroll of enchant armour
 p - a scroll of remove curse
Potions
 b - 3 potions of heal wounds
 g - 2 potions of degeneration
 h - a potion of brilliance
 i - a potion of berserk rage {unknown}
 j - a potion of ambrosia
 l - 5 potions of curing
 o - a potion of invisibility {unknown}
Comestibles
 f - 10 rations
 k - 2 chunks of flesh


   Skills:
 + Level 3.0 Fighting
 * Level 3.9 Polearms
 - Level 1.0 Throwing
 + Level 3.3 Dodging
 - Level 2.0 Spellcasting
 - Level 1.0 Charms
 + Level 3.5 Translocations


You had 4 spell levels left.
You knew the following spells:

 Your Spells              Type           Power        Failure   Level  Hunger
a - Blink                 Tloc           N/A          7%          2    ###....
b - Shroud of Golubria    Chrm/Tloc      #.........   12%         2    ###....

Your spell library contained the following spells:

 Spells                   Type           Power        Failure   Level  Hunger
 Gell's Gravitas          Tloc           ##........   14%         3    ###....
 Lesser Beckoning         Tloc           ##........   14%         3    ###....
 Teleport Other           Tloc           ##......     14%         3    ###....
 Passage of Golubria      Tloc           N/A          41%         4    #####..


Dungeon Overview and Level Annotations

Branches:
Dungeon (5/15)
 Temple: D:4-7

Altars:
Cheibriados


Innate Abilities, Weirdness & Mutations

You cannot wear most types of armour.
You are very stealthy in the water. (Stealth+)
You are amphibious.
You can wear up to eight rings at the same time.
You can use your tentacles to constrict eight enemies at once.
Your skin changes colour to match your surroundings (Stealth+).
Your rubbery body absorbs attacks. (AC +1, EV +1)


Message History

You closely miss the ice beast. You squeeze the ice beast!
The ice beast is severely wounded.
The ice beast hits you. The ice beast freezes you!
Your shroud falls apart!
You closely miss the ice beast.
The ice beast is severely wounded.
The ice beast misses you.
You hit the ice beast.
The ice beast is severely wounded.
The ice beast misses you.
You hit the ice beast but do no damage.
The ice beast is severely wounded.
The ice beast hits you. The ice beast freezes you!
* * * LOW HITPOINT WARNING * * *
You hit the ice beast.
The ice beast is almost dead.
The ice beast hits you.
* * * LOW HITPOINT WARNING * * *
The ice beast freezes you!
You die...

#......# #.######
#.# ##.# #8.#
#.#.# # ..##.#
#..#.##########.#
#.......Y@......#
#...............#
#################


You could see an ice beast.

Vanquished Creatures
  A centaur skeleton (D:5)
  Ijyb (D:4)
  A worker ant (D:4)
  5 adders
  4 worms
  4 dart slugs
  2 leopard geckos
  An orc (D:4)
  5 bats
  4 giant cockroaches
  2 hobgoblins (D:1)
  10 jackals
  7 kobolds
  A ball python (D:2)
  8 frilled lizards
  8 rats
64 creatures vanquished.

Notes
Turn   | Place    | Note
-------+----------+-------------------------------------------
     0 | D:1      | sking99 the Octopode Warper began the quest for the Orb.
     0 | D:1      | Reached XP level 1. HP: 14/14 MP: 3/3
   211 | D:1      | Reached XP level 2. HP: 12/19 MP: 5/5
  1117 | D:2      | Learned a level 2 spell: Blink
  1120 | D:2      | Learned a level 2 spell: Shroud of Golubria
  1131 | D:2      | Reached XP level 3. HP: 25/25 MP: 6/6
  1927 | D:2      | Reached XP level 4. HP: 30/30 MP: 4/7
  2449 | D:4      | Reached skill level 1 in Charms
  2449 | D:4      | Reached XP level 5. HP: 36/36 MP: 5/8
  2564 | D:4      | Noticed Ijyb
  2576 | D:4      | Killed Ijyb
  2949 | D:4      | Found a snail-covered altar of Cheibriados.
  3198 | D:5      | Entered Level 5 of the Dungeon
  3272 | D:5      | Noticed an ice beast
  3295 | D:5      | Mangled by an ice beast

Skill      XL: |  1  2  3  4  5 |
---------------+----------------+-----
Polearms       | 3 |  3.9
Dodging        | 3 |  3.3
Charms         | 1 |  1.0
Fighting       | 3 |  3.0
Throwing       | |  1.0
Spellcasting   | |  2.0
Translocations | |  3.5

Action                   |  1- 3 |  4- 6 || total
-------------------------+-------+-------++-------
Melee: Spear             |   126 |    96 ||   222
       Constrict         |    25 |    14 ||    39
       Tentacles         |     9 |    13 ||    22
 Cast: Shroud of Golubri |     2 |     4 ||     6
  Use: Scroll            |       |    13 ||    13
 Stab: Sleeping          |    12 |     6 ||    18
  Eat: Chunk             |     3 |     5 ||     8
Armor: Skin              |     7 |     2 ||     9
Dodge: Dodged            |    59 |    51 ||   110
